AoeStats
← 76561199137489861

Arena

510284898Analyzed
2v2 RM · 1d ago on Sep 30, 2026· 51m 21s· 4 players
Game mode
Random Map
Map size
Medium (4 player)
Population
200
Speed
Normal
Resources
Standard
Victory
Conquest
Starting age
Dark Age
Ending age
Imperial Age
RankedLock teamsTeams togetherTeam positionsShared explorationLock speedFull tech treeHidden civsTurbo modeCheats
Victory
Defeat
🇷🇺 Franks · Russia
926
+15
🇬🇧 Bohemians · United Kingdom
891
+16
🇦🇺 Poles · Australia
946
-17
🇺🇸 Armenians · United States
850
-14
charmandy93tag
7:21 Loom
11:16 Feudal Age
15:32 Castle Age
13:33 Double-Bit Axe
14:33 Horse Collar
17:14 Wheelbarrow
17:32 Bow Saw
23:30 Heavy Plow
23:50 Fervor
26:14 Hand Cart
29:48 Imperial Age
28:01 Forging
27:15 Pikeman
29:39 Squires
31:06 Chemistry
31:34 Ballistics
31:08 Halberdier
34:35 Bombard Tower
38:39 Wagenburg Tactics
38:49 Elite Skirmisher
42:18 Houfnice
43:13 Fletching
44:00 Iron Casting
43:26 Scale Mail Armor
44:40 Caravan
46:31 Murder Holes
46:43 Siege Engineers
46:50 Masonry
49:14 Blast Furnace
48:30 Chain Mail Armor
50:08 Ballistics
50:18 Architecture
76561199137489861
10:56 Feudal Age
11:41 Double-Bit Axe
13:40 Wheelbarrow
12:54 Loom
16:50 Castle Age
18:44 Scale Barding Armor
33:03 Fletching
33:44 Bodkin Arrow
33:14 Ordonnance Companies
35:33 Bow Saw
35:38 Padded Archer Armor
36:26 Ballistics
40:49 Imperial Age
41:37 Chain Barding Armor
41:00 Cranequins
43:44 Chemistry
43:57 Hand Cart
45:32 Leather Archer Armor
44:54 Heavy Mounted Crossbowman
45:01 Cavalier
45:56 Caravan
49:19 Plate Barding Armor
48:56 Forging
48:16 Light Cavalry
49:00 Husbandry
TheRootCause
1:36 Loom
13:33 Feudal Age
14:04 Double-Bit Axe
14:03 Horse Collar
15:10 Man-at-Arms
17:17 Wheelbarrow
16:13 Long Swordsman
17:02 Gold Mining
17:27 Forging
18:50 Scale Mail Armor
21:34 Fletching
21:53 Arson
28:35 Castle Age
26:21 Pikeman
28:23 Stone Mining
29:34 Bow Saw
29:27 Heavy Plow
29:46 Squires
29:07 Two-Handed Swordsman
30:38 Iron Casting
30:17 Gambesons
32:09 Chain Mail Armor
33:07 Bloodlines
33:05 Bodkin Arrow
35:24 Husbandry
36:33 Hand Cart
38:03 Champion
39:18 Halberdier
44:07 Elite Skirmisher
50:44 Imperial Age
nynyny
8:33 Loom
10:54 Feudal Age
11:31 Double-Bit Axe
11:42 Horse Collar
12:06 Stone Mining
18:34 Castle Age
18:15 Scale Barding Armor
23:19 Bloodlines
24:27 Gold Mining
26:48 Chain Barding Armor
26:44 Husbandry
27:28 Forging
29:27 Heavy Plow
29:51 Szlachta Privileges
32:03 Sanctity
36:37 Pikeman
44:14 Imperial Age
43:21 Scale Mail Armor
44:46 Light Cavalry
48:10 Chemistry
47:06 Murder Holes
48:11 Stone Shaft Mining
49:57 Ballistics
Connection lost

Rejoining the realm…

Still unreachable

The connection could not be restored.

Session expired

The server has moved on; the page needs a fresh start.